 Dungeon Crawl Stone Soup version 0.26.1-11-gd32895ea62 (webtiles) character file.

Game seed: 11375533711567585684

197345 growler the Cloud Mage (level 18, -11/119 HPs)
             Began as a Tengu Air Elementalist on May 13, 2021.
             Was a High Priest of Sif Muna.
             Shot with an arrow by a satyr (22 damage)
             ... on level 4 of the Shoals on May 17, 2021.
             The game lasted 02:16:24 (50316 turns).

growler the Cloud Mage (Tengu Air Elementalist)    Turns: 50316, Time: 02:16:25

Health: -11/119    AC:  9    Str: 10    XL:     18   Next: 40%
Magic:  29/41      EV: 28    Int: 22    God:    Sif Muna [*****.]
Gold:   4570       SH: 11    Dex: 15    Spells: 3/35 levels left

rFire    . . .     SeeInvis .   a - staff of air
rCold    . . .     Faith    .   W - +0 kite shield
rNeg     . . .     Spirit   .   j - +2 robe {Archmagi}
rPois    .         Reflect  .   H - +2 hood of the Assassin {Detection Stab+ Stlth++}
rElec    +         Harm     +   y - scarf {harm}
rCorr    .         Rampage  .   Z - +2 pair of gloves
Will     ++...                  (boots unavailable)
Stlth    +++++.....             e - amulet of magic regeneration
HPRegen  0.29/turn              U - ring of Esarenats {MP+9 Stlth+}
MPRegen  0.52/turn              F - ring of willpower

@: barbed spikes, flying quickly and evasively, quick
A: beak, talons 3, able to fly
}: 1/15 runes: gossamer
a: Stop Flying, Renounce Religion, Channel Magic, Forget Spell, Divine Exegesis


You were on level 4 of the Shoals.
You worshipped Sif Muna.
Sif Muna was extremely pleased with you.
You visited 6 branches of the dungeon, and saw 32 of its levels.
You also visited: Sewer, Bailey and Ice Cave.

You collected 4570 gold pieces.

Inventory:

Hand Weapons
 b - the +2 demon trident "Vuchigh" {drain, Int+3 Dex+2}
   (You acquired it on level 1 of the Lair of Beasts)

   A truly terrible weapon, it drains the life of those it strikes.
   It affects your intelligence (+3).
   It affects your dexterity (+2).
Missiles
 P - 2 throwing nets {!f}
Armour
 j - a +2 robe of the Archmagi (worn)
   (You took it off Jorgrun on level 1 of the Spider Nest)
 y - a scarf of harm (worn)
   (You found it on level 4 of the Lair of Beasts)
 H - the +2 hood of the Assassin (worn) {Detection Stab+ Stlth++}
   (You found it on level 6 of the Lair of Beasts)

   It makes you much more stealthy.
 W - a +0 kite shield (worn)
   (You took it off a gnoll sergeant on level 1 of the Orcish Mines)
 Z - a +2 pair of gloves (worn)
   (You found it on level 1 of the Spider Nest)
Magical Staves
 a - an uncursed staff of air (weapon)
   (You acquired it on level 1 of the Lair of Beasts)
Jewellery
 e - an amulet of magic regeneration (around neck)
   (You found it on level 6 of the Dungeon)
 i - an uncursed ring of protection from fire
   (You found it on level 6 of the Dungeon)
 k - the ring of Ruaskeicsu {rPois rN+ Str-3 Int+3 Slay+4}
   (You found it in an ice cave)

   [ring of slaying]

   It affects your strength (-3).
   It affects your intelligence (+3).
   It affects your accuracy and damage with ranged weapons and melee attacks
   (+4).
   It protects you from poison.
   It protects you from negative energy.
 o - an uncursed ring of protection from cold
   (You found it on level 1 of the Dungeon)
 r - the amulet of the Air {Inacc +Fly rElec EV+5 RMsl}
   (You found it on level 6 of the Lair of Beasts)

   [amulet of inaccuracy]

   It reduces the accuracy of all your attacks.
   It affects your evasion (+5).
   It insulates you from electricity.
   It lets you fly.
   It protects you from missiles.
 z - an uncursed ring of see invisible
   (You found it on level 3 of the Shoals)
 F - a ring of willpower (right hand)
   (You found it on level 1 of the Shoals)
 U - the ring of Esarenats (left hand) {MP+9 Stlth+}
   (You found it in an ice cave)

   [ring of stealth]

   It affects your magic capacity (+9).
   It makes you more stealthy.
 X - a +4 ring of protection
   (You found it on level 1 of the Lair of Beasts)
Wands
 d - a wand of iceblast (36)
   (You took it off Pikel on level 6 of the Dungeon)
 t - a wand of flame (84)
   (You found it on level 7 of the Dungeon)
 u - a wand of paralysis (6)
   (You found it on level 9 of the Dungeon)
 v - a wand of digging (5)
   (You found it on level 11 of the Dungeon)
 x - a wand of acid (26)
   (You found it on level 4 of the Lair of Beasts)
 A - a wand of polymorph (8)
   (You found it on level 4 of the Lair of Beasts)
 M - a wand of enslavement (34)
   (You found it on level 5 of the Lair of Beasts)
Scrolls
 c - 18 scrolls of remove curse {@r2}
 f - 6 scrolls of fog
 h - 4 scrolls of immolation {!r}
 l - a scroll of brand weapon
 n - 5 scrolls of enchant armour
 p - 4 scrolls of enchant weapon
 s - 5 scrolls of amnesia
 D - 2 scrolls of blinking
 E - 5 scrolls of magic mapping
 I - 20 scrolls of teleportation {@r4}
 K - 2 scrolls of summoning
 N - 17 scrolls of identify {@r1}
 Q - a scroll of silence
 S - 3 scrolls of vulnerability {!r}
Potions
 g - 11 potions of curing {@q1}
 m - 5 potions of might
 q - 6 potions of mutation {!q}
 w - 7 potions of brilliance
 B - 4 potions of ambrosia
 C - 2 potions of cancellation
 G - 4 potions of attraction {!q}
 J - 4 potions of lignification {!q}
 L - 7 potions of heal wounds {@q2}
 R - a potion of invisibility
 T - 4 potions of resistance
 V - a potion of magic
 Y - 2 potions of haste {@q3}
Miscellaneous
 O - a phantom mirror
   (You found it on level 9 of the Dungeon)


   Skills:
 + Level 15.1 Fighting
 + Level 16.4 Dodging
 - Level 2.0 Stealth
 + Level 11.0 Shields
 + Level 9.2 Spellcasting
 - Level 13.0 Conjurations
 - Level 21.0 Air Magic


You had 3 spell levels left.
You knew the following spells:

 Your Spells              Type           Power        Failure   Level
a - Conjure Ball Lightni  Conj/Air       56%          1%          6
b - Airstrike             Air            62%          1%          4
c - Lightning Bolt        Conj/Air       56%          1%          5
d - Static Discharge      Conj/Air       100%         1%          3
e - Tornado               Air            62%          90%         9
f - Mephitic Cloud        Conj/Pois/Air  94%          1%          3
s - Swiftness             Air            100%         0%          2

Your spell library contained the following spells:

 Spells                   Type           Power        Failure   Level
 Shock                    Conj/Air       100%         0%          1
 Magic Dart               Conj           100%         1%          1
 Poisonous Vapours        Pois/Air       100%         1%          2
 Searing Ray              Conj           100%         1%          2
 Conjure Flame            Conj/Fire      55%          2%          3
 Dazzling Flash           Conj/Hex       100%         2%          3
 Stone Arrow              Conj/Erth      100%         2%          3
 Beastly Appendage        Tmut           30%          11%         1
 Corona                   Hex            16%          11%         1
 Sandblast                Erth           30%          11%         1
 Summon Small Mammal      Summ           60%          11%         1
 Blink                    Tloc           N/A          17%         2
 Call Imp                 Summ           15%          17%         2
 Ensorcelled Hibernation  Hex/Ice        30%          17%         2
 Passwall                 Tmut/Erth      12%          17%         2
 Slow                     Hex            15%          17%         2
 Wereblood                Tmut           15%          17%         2
 Call Canine Familiar     Summ           15%          32%         3
 Confusing Touch          Hex            15%          32%         3
 Gell's Gravitas          Tloc           7%           32%         3
 Ignite Poison            Fire/Tmut/Pois 15%          32%         3
 Inner Flame              Hex/Fire       15%          32%         3
 Lesser Beckoning         Tloc           7%           32%         3
 Portal Projectile        Hex/Tloc       30%          32%         3
 Spider Form              Tmut/Pois      7%           32%         3
 Summon Guardian Golem    Hex/Summ       15%          32%         3
 Teleport Other           Tloc           15%          32%         3
 Summon Lightning Spire   Summ/Air       91%          1%          4
 Iskenderun's Battlesphe  Conj           79%          1%          5
 Silence                  Hex/Air        45%          4%          5
 Fulminant Prism          Conj/Hex       27%          8%          4
 Hailstorm                Conj/Ice       55%          8%          4
 Iskenderun's Mystic Bla  Conj/Tloc      55%          8%          4
 Freezing Cloud           Conj/Ice/Air   47%          16%         6
 Fireball                 Conj/Fire      27%          22%         5
 Irradiate                Conj/Tmut      27%          22%         5
 Bolt of Magma            Conj/Fire/Erth 21%          45%         5
 Chain Lightning          Conj/Air       56%          56%         8
 Animate Dead             Necr           7%           73%         4
 Cause Fear               Hex            7%           73%         4
 Ice Form                 Ice/Tmut       15%          73%         4
 Leda's Liquefaction      Hex/Erth       7%           73%         4
 Passage of Golubria      Tloc           N/A          73%         4
 Petrify                  Tmut/Erth      15%          73%         4
 Summon Ice Beast         Ice/Summ       15%          73%         4
 Iron Shot                Conj/Erth      27%          75%         6
 Starburst                Conj/Fire      27%          75%         6
 Blade Hands              Tmut           7%           97%         5
 Excruciating Wounds      Necr           7%           97%         5
 Lee's Rapid Deconstruct  Erth           7%           97%         5
 Metabolic Englaciation   Hex/Ice        7%           97%         5
 Summon Demon             Summ           7%           97%         5
 Yara's Violent Unravell  Hex/Tmut       7%           97%         5
 Hydra Form               Tmut           7%           100%        6
 Ozocubu's Refrigeration  Ice            7%           100%        6
 Statue Form              Tmut/Erth      10%          100%        6
 Dragon Form              Tmut           7%           100%        7
 Spellforged Servitor     Conj/Summ      27%          100%        7
 Ignition                 Fire           7%           100%        8
 Shatter                  Erth           7%           100%        9


Dungeon Overview and Level Annotations

Branches:
Dungeon (15/15)            Temple (1/1) D:6            Lair (6/6) D:8
 Shoals (4/4) Lair:2       Spider (4/4) Lair:3        Slime (0/5) Lair:6
    Orc (2/2) D:10            Elf (0/3) Orc:2        Vaults (0/5) D:14
 Depths (0/5) D:15          Sewer (visited)          Bailey (visited)
  IceCv (visited)

Altars:
Ashenzari
Cheibriados
Dithmenos
Elyvilon
Fedhas
Gozag
Hepliaklqana
Makhleb
Nemelex Xobeh
Ru
Sif Muna
Uskayaw
Vehumet
Wu Jian
Xom
Zin
The Shining One
Beogh

Shops:
Orc:2 *(=(

Portals:
Trove: D:12 (show slimy rune of Zot)

Annotations:
Lair:4 2 transporters
Shoals:1 1 runed translucent door, bloodseagull's ghost, journeyman MiFi
Spider:4 1 runed translucent door, phalm's ghost, adept DECj


Innate Abilities, Weirdness & Mutations

You have a beak for a mouth.
You have claws for feet.
You can fly continuously.


Message History

The air twists around and strikes the merfolk impaler!
The merfolk impaler barely misses you.
The merfolk impaler hits you from afar with a +4 trident of protection.
You don't know that spell.
You feel a strong surge of power!
You create some ball lightning! 3 ball lightnings come into view.
A satyr comes into view. It is wielding a +0 club.
The merfolk impaler misses you.
The manticore flicks its tail.
The volley of spikes hits you!
The barbed spikes become lodged in your body.
Unknown command.
Aim: a merfolk impaler, wielding a +4 trident of protection and wearing a +0 robe (moderately wounded)
You feel a strong surge of power!
The air twists around and strikes the merfolk impaler!
The merfolk impaler hits you from afar with a +4 trident of protection!
The satyr unwields a +0 club.
The satyr wields a +0 longbow.
The satyr shoots an arrow.
The arrow closely misses you.
Your ball lightning explodes!
The blast of lightning engulfs your ball lightning.
Your ball lightning completely resists.
The blast of lightning engulfs you! You resist.
The blast of lightning engulfs the merfolk impaler!!
The merfolk impaler hits you from afar with a +4 trident of protection!
* * * LOW HITPOINT WARNING * * *
Your ball lightning explodes!
The blast of lightning engulfs you! You resist.
* * * LOW HITPOINT WARNING * * *
The blast of lightning engulfs the merfolk impaler!!!
You kill the merfolk impaler!
Sif Muna accepts your kill.
The blast of lightning engulfs the manticore!!
The blast of lightning engulfs your ball lightning.
Your ball lightning completely resists.
You hear a shout!
You hear an angry hiss.
You hear a shout! x3
You hear a bleat! x2; You hear a shout! x4; You hear a bellow!
You hear a shout!
The barbs in your skin will harm you if you move.
Continue?
The manticore flicks its tail.
The volley of spikes hits you!
The barbed spikes become lodged in your body.
* * * LOW HITPOINT WARNING * * *
Your ball lightning explodes!
The blast of lightning engulfs you! You resist.
* * * LOW HITPOINT WARNING * * *
The blast of lightning engulfs the manticore!!
You kill the manticore!
Sif Muna accepts your kill.
The blast of lightning engulfs the sea snake!!
The satyr shoots an arrow.
The arrow hits you!!
You die...

....≈≈..).......
.....≈≈..)....c..
.....≈...........
.....≈...........
..........#...$..
...≈≈......S.....
...≈≈≈...(†.....≈
..)≈≈≈..........≈
..≈≈≈≈≈@.).......
.≈≈≈≈≈≈.##...≈...
$.≈^≈≈... .......
.≈..≈......#####≈
..≈≈≈...P.##{
.≈≈≈≈P....#
≈≈≈≈≈≈≈≈≈P#
≈≈≈≈≈P≈≈≈≈#


You could see a satyr and a sea snake.

Vanquished Creatures
  Jorgrun (Spider:1)
  2 krakens (Shoals:3)
  Frances (Shoals:2)
  7 ghost moths
  3 emperor scorpions
  3 entropy weavers
  3 spark wasps
  A merfolk javelineer (Shoals:1)
  2 merfolk impalers
  Josephine (Shoals:1)
  Fannar (Lair:2)
  2 boulder beetles
  A catoblepas (Lair:6)
  2 ice dragons (IceCv)
  3 centaur warriors
  A death knight (D:15)
  3 hydras
  5 merfolk avatars
  8 two-headed ogres
  An alligator snapping turtle (Shoals:3)
  An ogre mage (D:15)
  5 death yaks
  A deep troll shaman (Lair:6)
  An orc high priest (Orc:1)
  Nergalle (Orc:1)
  A fire crab (Lair:5)
  A sixfirhy (D:10)
  A goliath frog (shapeshifter) (D:13)
  10 sea snakes
  A wizard (D:15)
  An unseen horror (D:15)
  A necromancer (D:14)
  An orc knight (Bailey)
  4 deep elf magi
  20 orb spiders
  4 harpies (Shoals:4)
  Pikel (D:6)
  9 orc sorcerers
  34 wolf spiders
  19 fauns
  19 manticores
  5 ugly things
  3 moths of wrath
  16 elephants
  3 cyclopes
  4 black mambas
  3 water nymphs
  6 merfolk sirens
  A naga mage (D:15)
  2 ice statues (IceCv)
  4 gargoyles
  Maggie (D:8)
  3 torpor snails
  2 kobold demonologists
  9 cane toads
  A freezing wraith (D:15)
  6 rime drakes
  7 komodo dragons
  20 demonic crawlers
  9 trolls
  16 merfolk
  2 polar bears
  6 wind drakes
  A wolf spider simulacrum (D:14)
  26 jumping spiders
  6 hornets
  11 blink frogs
  12 slime creatures
  9 dream sheep
  4 snapping turtles
  2 meliai zombies (D:15)
  37 tarantellas
  70 redbacks
  A shadow (D:13)
  A vampire (D:10)
  9 wyverns
  4 water elementals
  4 wraiths
  34 yaks
  4 basilisks
  4 vampire mosquitoes (D:15)
  Menkaure (D:4)
  10 wargs
  14 water moccasins
  15 orc warriors
  A hornet zombie (D:13)
  17 ice beasts
  3 phantoms
  2 black bears
  2 sky beasts
  8 centaurs
  20 wolves
  11 ogres
  A big kobold (D:9)
  Blork the orc (D:6)
  19 bullfrogs
  2 gnoll sergeants
  A wyvern zombie (D:14)
  A wyvern skeleton (D:10)
  4 scorpions
  10 killer bees
  4 wights (D:12)
  An electric eel (Spider:3)
  4 howler monkeys
  4 bullfrog zombies
  4 centaur zombies
  4 jellies
  2 quasits
  6 hounds
  8 orc priests
  2 bullfrog skeletons
  Jessica (D:2)
  4 centaur skeletons
  7 iguanas
  39 orc wizards
  4 worker ants
  A hound zombie (D:5)
  A hound skeleton (D:11)
  5 worker ant zombies
  13 adders
  15 gnolls
  2 howler monkey skeletons
  4 river rats (Sewer)
  5 white imps
  An ufetubus (D:8)
  An ooze (D:5)
  An adder skeleton (D:7)
  9 worms
  5 dart slugs
  4 leopard geckos
  68 orcs
  3 bats (D:3)
  4 giant cockroaches
  15 goblins
  7 hobgoblins
  21 jackals
  30 kobolds
  6 quokkas
  2 ball pythons
  3 frilled lizards
  2 jackal zombies
  A leopard gecko skeleton (D:8)
  A quokka skeleton (D:5)
  6 rats
  A bush (Lair:6)
  2 tentacles (Shoals:3)
1031 creatures vanquished.

Vanquished Creatures (others)
  58 ball lightnings
  26 fungi
  84 plants
  2 tentacles (Shoals:3)
170 creatures vanquished.

Grand Total: 1201 creatures vanquished

Notes
Turn   | Place    | Note
-------+----------+-------------------------------------------
     0 | D:1      | growler the Tengu Air Elementalist began the quest for the
                  | Orb.
     0 | D:1      | Reached XP level 1. HP: 10/10 MP: 4/4
   529 | D:1      | Reached XP level 2. HP: 15/15 MP: 6/6
   532 | D:1      | Learned a level 2 spell: Swiftness
   941 | D:2      | Noticed Jessica
   950 | D:2      | Killed Jessica
   951 | D:2      | Reached skill level 1 in Shields
   951 | D:2      | Reached XP level 3. HP: 19/19 MP: 3/7
   956 | D:2      | Learned a level 3 spell: Static Discharge
  1007 | D:2      | Found a snail-covered altar of Cheibriados.
  1438 | D:2      | Reached XP level 4. HP: 24/24 MP: 3/8
  2590 | D:3      | Reached skill level 5 in Air Magic
  2665 | D:3      | Gained mutation: You can fly continuously. [Tengu growth]
  2665 | D:3      | Reached XP level 5. HP: 24/28 MP: 2/10
  2936 | D:3      | Learned a level 4 spell: Airstrike
  4574 | D:4      | Found a shimmering blue altar of Sif Muna.
  4579 | D:4      | Noticed a phantom
  4589 | D:4      | Killed a phantom
  4590 | D:4      | Reached XP level 6. HP: 32/32 MP: 0/12
  4747 | D:4      | Noticed Menkaure
  5121 | D:4      | Killed Menkaure
  5475 | D:4      | Became a worshipper of Sif Muna the Loreminder
  5498 | D:5      | Entered Level 5 of the Dungeon
  5695 | D:5      | Found an ornate altar of the Wu Jian Council.
  5741 | D:5      | Noticed a sky beast
  5745 | D:5      | Killed a sky beast
  5746 | D:5      | Reached skill level 6 in Air Magic
  5746 | D:5      | Reached XP level 7. HP: 36/36 MP: 4/13
  5918 | D:5      | Reached skill level 5 in Conjurations
  5981 | D:5      | Found a glowing drain.
  6009 | Sewer    | Entered a sewer
  6675 | D:5      | Reached * piety under Sif Muna
  7213 | D:5      | Found a shadowy altar of Dithmenos.
  7474 | D:5      | Reached skill level 7 in Air Magic
  7474 | D:5      | Reached XP level 8. HP: 41/41 MP: 12/15
  7800 | D:6      | Noticed Pikel
  7808 | D:6      | Killed Pikel
  7809 | D:6      | Reached skill level 5 in Spellcasting
  7809 | D:6      | Reached skill level 8 in Air Magic
  7819 | D:6      | Learned a level 5 spell: Lightning Bolt
  7932 | D:6      | Found a staircase to the Ecumenical Temple.
  8078 | D:6      | Noticed Blork the orc
  8081 | D:6      | Killed Blork the orc
  8294 | D:6      | Found an opulent altar of Gozag.
  8453 | D:6      | Found a glowing golden altar of the Shining One.
  8580 | D:6      | Found a white marble altar of Elyvilon.
  8655 | D:6      | Found a hazy altar of Hepliaklqana.
  8758 | Temple   | Entered the Ecumenical Temple
  8775 | D:7      | Reached skill level 9 in Air Magic
  8775 | D:7      | Reached XP level 9. HP: 45/45 MP: 8/17
  8957 | D:7      | Reached ** piety under Sif Muna
  9246 | D:7      | Found a radiant altar of Vehumet.
 10299 | D:8      | Noticed Maggie
 10308 | D:7      | Reached skill level 10 in Air Magic
 10401 | D:7      | Reached skill level 10 in Conjurations
 10571 | D:8      | Killed Maggie
 10572 | D:8      | Reached skill level 11 in Air Magic
 10867 | D:8      | HP: 2/45 [water moccasin (8)]
 11155 | D:8      | Reached XP level 10. HP: 50/50 MP: 7/18
 11387 | D:8      | Reached skill level 12 in Air Magic
 11388 | D:8      | Found a staircase to the Lair.
 11771 | D:8      | Found a sacrificial altar of Ru.
 11899 | D:8      | Reached skill level 1 in Fighting
 12091 | D:8      | Learned a level 3 spell: Mephitic Cloud
 12501 | D:9      | Got a brightly glowing glass ring
 12503 | D:9      | Identified the ring "Bozxyo" {+Fly MP-9 Str-4 Dex+8 SInv}
                  | (You found it on level 9 of the Dungeon)
 12915 | D:9      | Reached *** piety under Sif Muna
 13165 | D:9      | Reached skill level 13 in Air Magic
 13238 | D:9      | Found a hide-covered altar of Uskayaw.
 13301 | D:10     | Entered Level 10 of the Dungeon
 13527 | D:10     | Found a staircase to the Orcish Mines.
 13614 | D:10     | Reached skill level 5 in Dodging
 13615 | D:10     | Reached XP level 11. HP: 60/60 MP: 10/19
 13667 | D:10     | Found an opulent altar of Gozag.
 13893 | D:10     | Found a runed translucent door.
 13893 | D:10     | Noticed a sixfirhy
 14284 | D:10     | Killed a sixfirhy
 14515 | D:11     | Got a vibrating golden ring
 14517 | D:11     | Identified the ring of Ceimu {rPois Str-2 Int+4 Dex+4
                  | Stlth-} (You found it on level 11 of the Dungeon)
 14718 | D:11     | Reached skill level 5 in Fighting
 14916 | D:11     | Noticed a red ugly thing
 14960 | D:11     | Killed a red ugly thing
 15215 | D:11     | Noticed a red ugly thing
 15234 | D:11     | Killed a red ugly thing
 15235 | D:11     | Reached skill level 14 in Air Magic
 15499 | D:11     | Noticed a purple ugly thing
 15543 | D:11     | Killed a purple ugly thing
 15796 | D:11     | Found a snail-covered altar of Cheibriados.
 15953 | D:11     | Noticed a two-headed ogre
 15989 | D:11     | Killed a two-headed ogre
 16461 | Lair:1   | Entered Level 1 of the Lair of Beasts
 16462 | Lair:1   | Identified 3 scrolls of acquirement
 16462 | Lair:1   | Acquired an uncursed staff of air
 16469 | Lair:1   | Reached **** piety under Sif Muna
 16647 | Lair:1   | Reached XP level 12. HP: 71/71 MP: 12/20
 17375 | Lair:1   | Reached skill level 15 in Air Magic
 17506 | Lair:1   | Noticed a six-headed hydra
 17527 | Lair:1   | Killed a six-headed hydra
 17973 | Lair:1   | Acquired the +2 demon trident "Vuchigh" {drain, Int+3
                  | Dex+2}
 17981 | Lair:1   | Acquired 1261 gold pieces
 18749 | Lair:2   | Noticed Fannar
 19336 | Lair:2   | Found a staircase to the Shoals.
 19589 | Lair:2   | Killed Fannar
 20332 | Lair:3   | Found a hole to the Spider Nest.
 20765 | Lair:3   | Reached skill level 10 in Dodging
 20916 | Lair:3   | Reached skill level 16 in Air Magic
 21353 | Lair:3   | Reached XP level 13. HP: 80/80 MP: 9/21
 22175 | Lair:4   | Found a transporter.
 22195 | Lair:4   | Found a transporter.
 22616 | Lair:5   | Reached skill level 10 in Fighting
 24051 | Lair:6   | Entered Level 6 of the Lair of Beasts
 24386 | Lair:6   | Reached skill level 17 in Air Magic
 24611 | Lair:6   | Reached ***** piety under Sif Muna
 24744 | Lair:6   | Received a gift from Sif Muna
 24782 | Lair:6   | Reached XP level 14. HP: 71/90 MP: 4/22
 24824 | Lair:6   | Found a staircase to the Slime Pits.
 25827 | Lair:6   | Found the +2 hood of the Assassin {Detection Stab+ Stlth++}
 25827 | Lair:6   | Found the amulet of the Air {Inacc +Fly rElec EV+5 RMsl}
 26097 | Orc:1    | Entered Level 1 of the Orcish Mines
 26097 | Orc:1    | Noticed Nergalle
 26101 | Orc:1    | Killed Nergalle
 26231 | Orc:1    | Found a frozen archway.
 26259 | IceCv    | Entered an ice cave
 27174 | IceCv    | Identified the ring of Ruaskeicsu {rPois rN+ Str-3 Int+3
                  | Slay+4} (You found it in an ice cave)
 27182 | IceCv    | Identified the ring of Esarenats {MP+9 Stlth+} (You found
                  | it in an ice cave)
 27477 | Orc:1    | You are sucked into a shaft and drop 1 floor!
 27477 | Orc:2    | Entered Level 2 of the Orcish Mines
 27850 | Orc:2    | Identified Sif Muna's Handbook of the Nexus (Sif Muna
                  | gifted it to you on level 2 of the Orcish Mines)
 27850 | Orc:2    | Received a gift from Sif Muna
 28307 | Orc:2    | Found a staircase to the Elven Halls.
 28616 | Orc:2    | Found a roughly hewn altar of Beogh.
 28624 | Orc:2    | Found Xara's Weapon Boutique.
 28624 | Orc:2    | Found Vocka's Jewellery Shoppe.
 28788 | Orc:2    | Found Qugraw's Weapon Boutique.
 28788 | Orc:2    | Found Omean's General Store.
 28793 | Orc:2    | Reached skill level 18 in Air Magic
 29803 | D:12     | Found a burning altar of Makhleb.
 30033 | D:12     | Reached XP level 15. HP: 96/96 MP: 13/26
 30574 | D:12     | Learned a level 9 spell: Tornado
 30591 | D:12     | Found a portal to a secret trove of treasure.
 30630 | D:12     | Identified Sif Muna's Guide on Malediction and the Birds
                  | (Sif Muna gifted it to you on level 12 of the Dungeon)
 30630 | D:12     | Received a gift from Sif Muna
 31104 | D:13     | Found a flagged portal.
 31178 | Bailey   | Entered a bailey
 32243 | D:13     | Reached skill level 5 in Shields
 32762 | D:14     | Found a gate to the Vaults.
 33323 | D:14     | Identified the Almanac of Excruciating Black Secrets
 33916 | D:15     | Entered Level 15 of the Dungeon
 34508 | D:15     | Found a burning altar of Makhleb.
 34813 | D:15     | Found a staircase to the Depths.
 34818 | D:15     | Received a gift from Sif Muna
 35481 | Spider:1 | Entered Level 1 of the Spider Nest
 35481 | Spider:1 | Noticed an emperor scorpion
 35502 | Lair:3   | Killed an emperor scorpion
 36962 | Spider:1 | Reached skill level 19 in Air Magic
 37014 | Spider:1 | Reached XP level 16. HP: 103/103 MP: 29/29
 37627 | Spider:1 | Noticed Jorgrun
 37643 | Spider:1 | Killed Jorgrun
 38078 | Spider:1 | Learned a level 6 spell: Conjure Ball Lightning
 38676 | Spider:2 | Identified Sif Muna's Reference Book on the Frostbite and
                  | Combat Magic (Sif Muna gifted it to you on level 2 of the
                  | Spider Nest)
 38676 | Spider:2 | Received a gift from Sif Muna
 41371 | Spider:3 | Reached skill level 15 in Dodging
 41560 | Spider:4 | Entered Level 4 of the Spider Nest
 41844 | Spider:4 | Reached XP level 17. HP: 89/110 MP: 30/31
 42145 | Spider:3 | Identified Sif Muna's Volume of Confrontation and Snow (Sif
                  | Muna gifted it to you on level 3 of the Spider Nest)
 42145 | Spider:3 | Received a gift from Sif Muna
 42479 | Spider:4 | Reached skill level 20 in Air Magic
 44305 | Spider:4 | Found a runed translucent door.
 44309 | Spider:4 | Noticed phalm's ghost (adept DECj)
 44669 | Spider:4 | Got a gossamer rune of Zot
 44891 | Shoals:1 | Entered Level 1 of the Shoals
 45330 | Shoals:1 | Identified Sif Muna's Handbook of Damaging Execration (Sif
                  | Muna gifted it to you on level 1 of the Shoals)
 45330 | Shoals:1 | Received a gift from Sif Muna
 45399 | Shoals:1 | Found a runed translucent door.
 45399 | Shoals:1 | Found a shimmering altar of Xom.
 45399 | Shoals:1 | Noticed bloodseagull's ghost (journeyman MiFi)
 45456 | Shoals:1 | Reached skill level 10 in Shields
 45582 | Shoals:1 | Noticed Josephine
 45587 | Shoals:1 | Killed Josephine
 47271 | Shoals:2 | Noticed Frances
 47275 | Shoals:2 | Killed Frances
 47276 | Shoals:2 | Reached XP level 18. HP: 117/117 MP: 24/32
 48867 | Shoals:3 | Reached skill level 21 in Air Magic
 49017 | Shoals:3 | Reached skill level 15 in Fighting
 49257 | Shoals:4 | Entered Level 4 of the Shoals
 49267 | Shoals:4 | Identified Ecvotu's Reference Book on the Creative
                  | Volcanoes (Sif Muna gifted it to you on level 4 of the
                  | Shoals)
 49267 | Shoals:4 | Received a gift from Sif Muna
 50316 | Shoals:4 | Shot with an arrow by a satyr

Illustrated notes

Levels and vault maps discovered:
D:1:      tarquinn_simple_flora_water_a, layout_basic
D:2:      layout_loops_ring, lemuel_crystal_altar,
          ebering_dispersal_statue_hall, uniq_jessica
D:3:      layout_basic
D:4:      layout_cave_pods, nicolae_overflow_crystal_walls,
          minmay_misc_feat_pillars, minmay_fractal_squares_5, uniq_menkaure
D:5:      layout_cave_pods, pdpol_wu_jian_five_deadly_venoms,
          portal_sewer_entry_a, nicolae_dithmenos_shadow_blocks
D:6:      layout_cave_pools, tso_metal_star, overflow_temple_1_default,
          nzn_hepliaklqana_mist_gate, minmay_temple_entry_offerings,
          elyvilon_altar_4, uniq_blork_the_orc, uniq_pikel
D:7:      layout_loops_corners, vehumet_crystals, minmay_misc_feat_rugged,
          chequers_hall_statues_y, minmay_misc_feat_hallway, kennysheep_nub
D:8:      layout_loops_ring, general_overflow_altar, minmay_lair_entry_grove,
          uniq_maggie
D:9:      layout_roguey, kennysheep_little_box
D:10:     cheibrodos_shockbox, layout_basic, orc_0_dummy, grunt_gozag_statues
D:11:     layout_stronghold, basic_altar, hangedman_pestilent_swarm
D:12:     layout_cave_pods, nicolae_trove_entry_diagonal, basic_altar
D:13:     layout_stronghold, enter_bailey_5
D:14:     layout_basic, david_vaults_1
D:15:     grunt_enter_depths_magical_seal, layout_basic, basic_altar,
          minmay_misc_feat_alley
Temple:   cyrus_circular_temple
Lair:1:   cheibrodos_lair_river_kwai, layout_layer_cave
Lair:2:   layout_hall_layers, minmay_shoals_entry_beasts,
          gauntlet_entry_generic, uniq_fannar
Lair:3:   layout_long_grid, nicolae_spider_entry_tight_spaces
Lair:4:   gammafunk_boulding_lane, layout_cave_shapes, serial_bayou_pond_e,
          lemuel_fruit_tree
Lair:5:   layout_loops_ring, minmay_shattered_shrine, infiniplex_staircase_pool
Lair:6:   grunt_lair_end_beastmaster, layout_cellular_growth,
          minmay_slime_entry_pillars, lemuel_fruit_fields
Shoals:1: nicolae_shoals_island_circles, layout_shoals, ebering_ghost_xom,
          uniq_josephine
Shoals:2: layout_shoals, nicolae_shoals_seven_spires,
          nicolae_shoals_square_sea_wall, uniq_frances
Shoals:3: layout_shoals
Shoals:4: shoals_end_simple, layout_shoals, uniq_roxanne, uniq_polyphemus
Spider:1: layout_chambers, uniq_jorgrun
Spider:2: layout_chambers
Spider:3: layout_spider_delve
Spider:4: grunt_spider_rune_island, ebering_ghost_reflecting_pool, drop_trap
Orc:1:    layout_caves, portal_ice_cave_rime, uniq_nergalle
Orc:2:    st_orc_town, layout_caves, nicolae_orc_bridge_out

Skill      XL: |  1  2  3  4  5  6  7  8  9 10 11 12 13 14 15 16 17 18 |
---------------+-------------------------------------------------------+-----
Conjurations   | 2 3 4 5 8 11 12 13 | 13.0
Shields        | 1 2 3 4 6 8 10 11 | 11.0
Air Magic      | 5 6 7 9 11 13 14 16 17 18 19 20 21 | 21.0
Spellcasting   | 3 4 5 6 8 9 |  9.2
Fighting       | 3 6 9 11 12 13 14 15 | 15.1
Dodging        | 5 8 10 12 13 14 15 16 | 16.4
Stealth        | |  2.0

Action                   |  1- 3 |  4- 6 |  7- 9 | 10-12 | 13-15 | 16-18 || total
-------------------------+-------+-------+-------+-------+-------+-------++-------
Melee: Unarmed           |    11 |     2 |    13 |       |       |       ||    26
       Peck              |     3 |       |     8 |    14 |    20 |     5 ||    50
       Kick              |     1 |     2 |     5 |    13 |    19 |     6 ||    46
       Whip              |       |       |    36 |    38 |       |       ||    74
       Staff             |       |       |       |     3 |    83 |    35 ||   121
       Demon trident     |       |       |       |    43 |    12 |       ||    55
 Cast: Shock             |    32 |   112 |    66 |     2 |     1 |       ||   213
       Static Discharge  |       |     1 |    24 |    40 |    93 |    23 ||   181
       Airstrike         |       |     7 |    62 |   263 |   476 |   535 ||  1343
       Lightning Bolt    |       |       |       |     8 |    60 |     7 ||    75
       Conjure Ball Ligh |       |       |       |       |       |    24 ||    24
Invok: Channel Magic     |       |       |       |       |     2 |       ||     2
 Abil: Fly               |       |     1 |       |       |       |       ||     1
Evoke: Wand              |       |       |       |       |       |     2 ||     2
  Use: Scroll            |       |     7 |     5 |    20 |    12 |     5 ||    49
 Stab: Sleeping          |     1 |       |     1 |       |       |       ||     2
Armor: Robe              |     4 |     4 |    14 |     3 |       |    20 ||    45
       Steam dragon scal |       |       |       |    27 |    44 |     1 ||    72
Dodge: Dodged            |     6 |    13 |    79 |   161 |   385 |   255 ||   899
Block: Buckler           |       |       |    24 |    52 |   106 |    24 ||   206
       Kite shield       |       |       |       |       |       |   101 ||   101
